PCL
REDWOOD CITY REDWOODS @ SANTA MONICA BRUINS
06/28/2027
 
TOP OF THE 1ST
Redwood City Redwoods batting - Pitching for Santa Monica Bruins : RHP Riley Johnston
Pitching: RHP Riley Johnston
Batting: LHB Jon Graves 0-0: Ball
1-0: Foul Ball, location: 2F
1-1: Called Strike
1-2: Ball
2-2: SINGLE (Flyball, 78S)
Batting: RHB Carlos Gonzáles 0-0: Ball
1-0: Ball
2-0: Ball
3-0: Called Strike
3-1: Base on Balls
Jon Graves to second
Batting: RHB Shizue Chouda 0-0: Ball
1-0: Foul Ball, location: 2F
1-1: Swinging Strike
1-2: Foul Ball, location: 2F
1-2: Foul Ball, location: 2F
1-2: Ball
2-2: Fly out, F7 (Flyball, 7S)
Batting: LHB Germán Charfauros 0-0: Swinging Strike
0-1: Swinging Strike
0-2: Strikes out looking
Batting: RHB Richie Miller 0-0: Ball
1-0: Called Strike
1-1: Fielders Choice at 2nd, 4-6 (Groundball, 4)
Top of the 1st over - 0 run(s), 1 hit(s), 0 error(s), 1 left on base; Redwood City 0 - Santa Monica 0
BOTTOM OF THE 1ST
Santa Monica Bruins batting - Pitching for Redwood City Redwoods : RHP Will Jackson
Pitching: RHP Will Jackson
Batting: RHB António López 0-0: SINGLE (Groundball, 4D)
Batting: SHB Ray Burgess 0-0: Called Strike
0-1: Foul Ball, location: 2F
0-2: Ball
1-2: Ball
2-2: Foul Ball, location: 2F
2-2: Foul Ball, location: 2F
2-2: Foul Ball, location: 2F
2-2: Foul Ball, location: 2F
2-2: Ball
3-2: Foul Ball, location: 2F
3-2: Base on Balls
António López to second
Batting: LHB Sammy Marshall 0-0: Called Strike
António López is caught stealing 3rd base
Ray Burgess to second
0-1: Foul Ball, location: 2F
0-2: Ball
1-2: Ball
2-2: Foul Ball, location: 2F
2-2: Foul Ball, location: 2F
2-2: Ball
3-2: Fly out, F7 (Flyball, 7S)
Batting: RHB Luis Martínez 0-0: Foul Ball, location: 2F
0-1: Ball
1-1: SINGLE (Flyball, 7LS)
Ray Burgess to third
Runner from 3rd tries for Home, SAFE, throw made home
Batting: LHB Morgan Wright 0-0: Ball
1-0: Foul Ball, location: 2F
1-1: Swinging Strike
1-2: Foul Ball, location: 2F
1-2: Ball
2-2: Ball
3-2: Strikes out looking
Bottom of the 1st over - 1 run(s), 2 hit(s), 0 error(s), 1 left on base; Redwood City 0 - Santa Monica 1
TOP OF THE 2ND
Redwood City Redwoods batting - Pitching for Santa Monica Bruins : RHP Riley Johnston
Batting: LHB Paul Alexander 0-0: Ball
1-0: Foul Ball, location: 2F
1-1: Called Strike
1-2: Ball
2-2: Strikes out swinging, 2-3 out at first.
Batting: SHB José López 0-0: Ball
1-0: Ball
2-0: Fly out, F9 (Line Drive, 9)
Batting: RHB Yataro Abe 0-0: Ball
1-0: Swinging Strike
1-1: Ball
2-1: Ball
3-1: Called Strike
3-2: SOLO HOME RUN (Line Drive, 9D), Distance : 359 ft
Batting: RHB Jesús Cuevas 0-0: Foul Ball, location: 2F
0-1: Ball
1-1: Called Strike
1-2: Strikes out swinging
Top of the 2nd over - 1 run(s), 1 hit(s), 0 error(s), 0 left on base; Redwood City 1 - Santa Monica 1
BOTTOM OF THE 2ND
Santa Monica Bruins batting - Pitching for Redwood City Redwoods : RHP Will Jackson
Batting: LHB Felipe Cruz 0-0: Foul Ball, location: 2F
0-1: Foul Ball, location: 2F
0-2: Strikes out looking
Batting: SHB Adrián Nieto 0-0: Ball
1-0: Ball
2-0: Foul Ball, location: 2F
2-1: Foul Ball, location: 2F
2-2: SINGLE (Line Drive, 34D)
Batting: RHB Francisco Castillo 0-0: Ball
1-0: Foul Ball, location: 2F
1-1: Ball
2-1: Foul Ball, location: 2F
2-2: Foul Ball, location: 2F
2-2: Strikes out swinging
Batting: RHB Bonifacio Torres 0-0: Called Strike
0-1: Foul Ball, location: 2F
0-2: Foul Ball, location: 2F
0-2: Ball
1-2: Foul Ball, location: 2F
1-2: Strikes out swinging
Bottom of the 2nd over - 0 run(s), 1 hit(s), 0 error(s), 1 left on base; Redwood City 1 - Santa Monica 1
TOP OF THE 3RD
Redwood City Redwoods batting - Pitching for Santa Monica Bruins : RHP Riley Johnston
Batting: LHB Jon Graves 0-0: Foul Ball, location: 2F
0-1: Foul Ball, location: 2F
0-2: Ball
1-2: Fly out, F8 (Line Drive, 8LM)
Batting: RHB Carlos Gonzáles 0-0: Foul Ball, location: 2F
0-1: Ball
1-1: Ball
2-1: Called Strike
2-2: Foul Ball, location: 2F
2-2: Ball
3-2: Base on Balls
Batting: RHB Shizue Chouda 0-0: Foul Ball, location: 2F
0-1: Fly out, F7 (Line Drive, 7D)
Batting: LHB Germán Charfauros 0-0: Called Strike
0-1: Foul Ball, location: 2F
0-2: Ball
1-2: Ball
2-2: Foul Ball, location: 2F
2-2: SINGLE (Groundball, 3D)
Carlos Gonzáles to second
Runner from 2nd tries for 3rd, SAFE, throw made to third
Batting: RHB Richie Miller 0-0: DOUBLE (Line Drive, 78D)
Carlos Gonzáles scores
Germán Charfauros to third
Batting: LHB Paul Alexander 0-0: Swinging Strike
0-1: Foul Ball, location: 2F
0-2: Fly out, F8 (Flyball, 8RM)
Top of the 3rd over - 1 run(s), 2 hit(s), 0 error(s), 2 left on base; Redwood City 2 - Santa Monica 1
BOTTOM OF THE 3RD
Santa Monica Bruins batting - Pitching for Redwood City Redwoods : RHP Will Jackson
Batting: RHB António López 0-0: Ball
1-0: Foul Ball, location: 2F
1-1: SINGLE (Flyball, 8LS)
Batting: SHB Ray Burgess 0-0: 2-RUN HOME RUN (Line Drive, 9LD), Distance : 354 ft
Batting: LHB Sammy Marshall 0-0: SINGLE (Line Drive, 34D)
Batting: RHB Luis Martínez 0-0: DOUBLE (Flyball, 8LXD)
Sammy Marshall to third
Batting: LHB Morgan Wright 0-0: Called Strike
0-1: Swinging Strike
0-2: Foul Ball, location: 2F
0-2: DOUBLE (Groundball, 5L)
Sammy Marshall scores
Luis Martínez scores
Batting: LHB Felipe Cruz 0-0: Ball
1-0: Called Strike
1-1: Ball
2-1: Foul Ball, location: 2F
2-2: DOUBLE (Line Drive, 9LM)
Morgan Wright scores
Batting: SHB Adrián Nieto 0-0: Ball
1-0: Called Strike
1-1: Ball
2-1: SINGLE (Line Drive, 34)
Felipe Cruz to third
Batting: RHB Francisco Castillo 0-0: SINGLE (Groundball, 6MD)
Felipe Cruz scores
Adrián Nieto to second
Pitching: RHP Jorge Luna
Batting: RHB Bonifacio Torres 0-0: Ball
1-0: Ball
2-0: Ball
3-0: Base on Balls
Adrián Nieto to third
Francisco Castillo to second
Batting: RHB António López 0-0: Called Strike
0-1: Ball
1-1: Grounds into double play, 6-4-3 (Groundball, 6)
Adrián Nieto scores
Francisco Castillo to third
Batting: SHB Ray Burgess 0-0: SINGLE (Groundball, 6MD)
Francisco Castillo scores
Batting: LHB Sammy Marshall 0-0: Ball
1-0: Ball
2-0: DOUBLE (Line Drive, 8RD)
Ray Burgess to third
Runner from 3rd tries for Home, SAFE, throw made home
Batting: RHB Luis Martínez 0-0: Swinging Strike
0-1: Called Strike
0-2: Ball
1-2: Ball
2-2: Strikes out swinging
Bottom of the 3rd over - 9 run(s), 10 hit(s), 0 error(s), 1 left on base; Redwood City 2 - Santa Monica 10
TOP OF THE 4TH
Redwood City Redwoods batting - Pitching for Santa Monica Bruins : RHP Riley Johnston
Batting: SHB José López 0-0: Ball
1-0: Ground out 4-3 (Groundball, 4)
Batting: RHB Yataro Abe 0-0: Called Strike
0-1: Called Strike
0-2: Foul Ball, location: 2F
0-2: Ball
1-2: Ball
2-2: Ball
3-2: Foul Ball, location: 2F
3-2: Foul Ball, location: 2F
3-2: Fly out, F4 (Line Drive, 4)
Batting: RHB Jesús Cuevas 0-0: Ball
1-0: Foul Ball, location: 2F
1-1: Ball
2-1: Foul Ball, location: 2F
2-2: Strikes out swinging
Top of the 4th over - 0 run(s), 0 hit(s), 0 error(s), 0 left on base; Redwood City 2 - Santa Monica 10
BOTTOM OF THE 4TH
Santa Monica Bruins batting - Pitching for Redwood City Redwoods : RHP Jorge Luna
Batting: LHB Morgan Wright 0-0: Ball
1-0: Ball
2-0: Ball
3-0: Foul Ball, location: 2F
3-1: Ground out 6-3 (Groundball, 6S)
Batting: LHB Felipe Cruz 0-0: Called Strike
0-1: SINGLE (Line Drive, 89S)
Batting: SHB Adrián Nieto 0-0: Swinging Strike
Felipe Cruz is caught stealing 2nd base
0-1: Ball
1-1: Fly out, F7 (Flyball, 7LSF)
Bottom of the 4th over - 0 run(s), 1 hit(s), 0 error(s), 0 left on base; Redwood City 2 - Santa Monica 10
TOP OF THE 5TH
Redwood City Redwoods batting - Pitching for Santa Monica Bruins : RHP Riley Johnston
Batting: LHB Jon Graves 0-0: Ground out 4-3 (Groundball, 4)
Batting: RHB Carlos Gonzáles 0-0: Ball
1-0: Called Strike
1-1: Ball
2-1: Ball
3-1: Base on Balls
Pitching: RHP Warren Johnson
Batting: RHB Shizue Chouda 0-0: Foul Ball, location: 2F
0-1: Foul Ball, location: 2F
0-2: Strikes out looking
Batting: LHB Germán Charfauros 0-0: Swinging Strike
0-1: Ball
1-1: Swinging Strike
1-2: Ground out U3 (Groundball, 34)
Top of the 5th over - 0 run(s), 0 hit(s), 0 error(s), 1 left on base; Redwood City 2 - Santa Monica 10
BOTTOM OF THE 5TH
Santa Monica Bruins batting - Pitching for Redwood City Redwoods : RHP Jorge Luna
Batting: RHB Francisco Castillo 0-0: Ground out 5-3 (Groundball, 56)
Batting: RHB Bonifacio Torres 0-0: Called Strike
0-1: Foul Ball, location: 2F
0-2: Ground out 1-3 (Groundball, 13)
Batting: RHB António López 0-0: Ground out 6-3 (Groundball, 6)
Bottom of the 5th over - 0 run(s), 0 hit(s), 0 error(s), 0 left on base; Redwood City 2 - Santa Monica 10
TOP OF THE 6TH
Redwood City Redwoods batting - Pitching for Santa Monica Bruins : RHP Warren Johnson
Batting: RHB Richie Miller 0-0: Called Strike
0-1: Ball
1-1: Called Strike
1-2: Ball
2-2: Fly out, F7 (Flyball, 7S)
Batting: LHB Paul Alexander 0-0: Called Strike
0-1: Swinging Strike
0-2: Ball
1-2: Strikes out swinging
Batting: SHB José López 0-0: DOUBLE (Line Drive, 89XD)
Batting: RHB Yataro Abe 0-0: 2-RUN HOME RUN (Flyball, 7D), Distance : 353 ft
Batting: RHB Jesús Cuevas 0-0: SINGLE (Groundball, 15S) (infield hit)
Batting: LHB Jon Graves 0-0: Called Strike
0-1: Ball
1-1: Fielders Choice at 2nd, 6-4 (Groundball, 6)
Top of the 6th over - 2 run(s), 3 hit(s), 0 error(s), 0 left on base; Redwood City 4 - Santa Monica 10
BOTTOM OF THE 6TH
Santa Monica Bruins batting - Pitching for Redwood City Redwoods : RHP Jorge Luna
Batting: SHB Ray Burgess 0-0: Foul Ball, location: 2F
0-1: Foul Ball, location: 2F
0-2: Strikes out swinging
Batting: LHB Sammy Marshall 0-0: Called Strike
0-1: Swinging Strike
0-2: Ball
1-2: Foul Ball, location: 2F
1-2: Ball
2-2: Strikes out swinging
Batting: RHB Luis Martínez 0-0: Ball
1-0: Swinging Strike
1-1: Foul Ball, location: 2F
1-2: Ball
2-2: Ball
3-2: Foul Ball, location: 2F
3-2: Base on Balls
Batting: LHB Morgan Wright 0-0: Ground out 1-3 (Groundball, 13S)
Bottom of the 6th over - 0 run(s), 0 hit(s), 0 error(s), 1 left on base; Redwood City 4 - Santa Monica 10
TOP OF THE 7TH
Redwood City Redwoods batting - Pitching for Santa Monica Bruins : RHP Warren Johnson
Now at 1B: Noriaki Sangi
Batting: RHB Carlos Gonzáles 0-0: Called Strike
0-1: Ground out 6-3 (Groundball, 56)
Batting: RHB Shizue Chouda 0-0: Called Strike
0-1: Ball
1-1: Swinging Strike
1-2: Fly out, F9 (Flyball, 9)
Batting: LHB Germán Charfauros 0-0: Ball
1-0: Called Strike
1-1: Ball
2-1: Foul Ball, location: 2F
2-2: Strikes out swinging
Top of the 7th over - 0 run(s), 0 hit(s), 0 error(s), 0 left on base; Redwood City 4 - Santa Monica 10
BOTTOM OF THE 7TH
Santa Monica Bruins batting - Pitching for Redwood City Redwoods : RHP Jorge Luna
Batting: LHB Felipe Cruz 0-0: Ground out U3 (Groundball, 34)
Batting: SHB Adrián Nieto 0-0: Reached on error, E4 (Groundball, 4)
Batting: RHB Francisco Castillo 0-0: Foul Ball, location: 2F
0-1: Foul Ball, location: 2F
0-2: Strikes out swinging
Batting: RHB Bonifacio Torres 0-0: Ball
1-0: Fly out, F8 (Flyball, 8RD)
Bottom of the 7th over - 0 run(s), 0 hit(s), 1 error(s), 1 left on base; Redwood City 4 - Santa Monica 10
TOP OF THE 8TH
Redwood City Redwoods batting - Pitching for Santa Monica Bruins : RHP Warren Johnson
Now at 3B: Rubén Díaz
Batting: RHB Richie Miller 0-0: Ground out 1-3 (Groundball, 15S)
Batting: LHB Paul Alexander 0-0: Called Strike
0-1: Foul Ball, location: 2F
0-2: Ball
1-2: Strikes out looking
Batting: SHB José López 0-0: Swinging Strike
0-1: Ball
1-1: Swinging Strike
1-2: DOUBLE (Flyball, 89M)
Batting: RHB Yataro Abe 0-0: Ball
1-0: Ball
2-0: Ball
3-0: Base on Balls
Batting: RHB Jesús Cuevas 0-0: Called Strike
0-1: Foul Ball, location: 2F
0-2: Ball
1-2: Ball
2-2: Foul Ball, location: 2F
2-2: Foul Ball, location: 2F
2-2: Strikes out looking
Top of the 8th over - 0 run(s), 1 hit(s), 0 error(s), 2 left on base; Redwood City 4 - Santa Monica 10
BOTTOM OF THE 8TH
Santa Monica Bruins batting - Pitching for Redwood City Redwoods : RHP Jorge Luna
Pitching: RHP Júlio Castro
Batting: LHB Rubén Díaz 0-0: Ground out 4-3 (Groundball, 34)
Batting: SHB Ray Burgess 0-0: Ball
1-0: Foul Ball, location: 2F
1-1: Foul Ball, location: 2F
1-2: Strikes out swinging
Batting: LHB Sammy Marshall 0-0: Foul Ball, location: 2F
0-1: Swinging Strike
0-2: SINGLE (Line Drive, 3D)
Batting: LHB Noriaki Sangi 0-0: Ball
1-0: Ball
2-0: Ball
Wild Pitch!
Sammy Marshall to second
3-0: Base on Balls
Batting: LHB Morgan Wright 0-0: Ball
1-0: Called Strike
1-1: Ball
2-1: Ball
3-1: Base on Balls
Sammy Marshall to third
Noriaki Sangi to second
Batting: LHB Felipe Cruz 0-0: Swinging Strike
0-1: Ball
1-1: Fly out, F9 (Flyball, 9D)
Bottom of the 8th over - 0 run(s), 1 hit(s), 0 error(s), 3 left on base; Redwood City 4 - Santa Monica 10
TOP OF THE 9TH
Redwood City Redwoods batting - Pitching for Santa Monica Bruins : RHP Warren Johnson
Batting: LHB Jon Graves 0-0: Ball
1-0: Swinging Strike
1-1: Ball
2-1: Foul Ball, location: 2F
2-2: Foul Ball, location: 2F
2-2: SINGLE (Groundball, 34) (infield hit)
Batting: RHB Carlos Gonzáles 0-0: Called Strike
0-1: Ball
1-1: SINGLE (Line Drive, 78S)
Jon Graves to second
Batting: RHB Shizue Chouda 0-0: Ball
1-0: Swinging Strike
1-1: Called Strike
1-2: Strikes out swinging
Batting: LHB Germán Charfauros 0-0: Ball
1-0: Called Strike
1-1: 3-RUN HOME RUN (Flyball, 9LD), Distance : 353 ft
Pitching: RHP Keith Harper
Batting: RHB Richie Miller 0-0: Ball
1-0: Ball
2-0: Called Strike
2-1: Foul Ball, location: 2F
2-2: Ball
3-2: Foul Ball, location: 2F
3-2: SOLO HOME RUN (Flyball, 78XD), Distance : 411 ft
Pitching: RHP Dave Riley
Batting: LHB Paul Alexander 0-0: Ball
1-0: Swinging Strike
1-1: Foul Ball, location: 2F
1-2: Ball
2-2: Foul Ball, location: 2F
2-2: Strikes out swinging
Batting: SHB José López 0-0: Ball
1-0: Foul Ball, location: 2F
1-1: Ball
2-1: Ball
3-1: Foul Ball, location: 2F
3-2: Base on Balls
Pinch Hitting: RHB Anastasio García 0-0: Ball
1-0: Called Strike
1-1: Ball
2-1: Foul Ball, location: 2F
2-2: Foul Ball, location: 2F
2-2: Strikes out swinging
Top of the 9th over - 4 run(s), 4 hit(s), 0 error(s), 1 left on base; Redwood City 8 - Santa Monica 10
Thursday, March 30th, 2017 - OOTP Baseball 17.12 Build 75